[Event "Early-Titled-Tuesday-Blitz-July-09-2024"]
[Site "Chess.com"]
[Date "2024.07.09"]
[Round "7"]
[White "ilqar_74"]
[Black "BlackBoarder"]
[Result "0-1"]
[WhiteElo "2885"]
[BlackElo "2745"]
[TimeControl "180+1"]
[EndTime "9:21:05 PDT"]
[Termination "BlackBoarder won by resignation"]

1. e4 e6 2. d4 d5 3. Nd2 c5 4.
Ngf3 cxd4 5. Nxd4 Nf6 6. exd5 Nxd5 7. N2f3 Bb4+ 8. Bd2 O-O 9. c3 e5 10. Nc2 Bc5 11. Be2 Nc6 12. O-O Bf5 13. Ne3 Nxe3 14.
Bxe3 Bxe3 15. fxe3 Qb6 16. Qc1 Rad8 17. Nxe5 Nxe5 18.
Rxf5 Rfe8 19. Kh1 g6 20. Rf4 Nd3 21. Bxd3 Rxd3 22. Rf3 Rexe3 23. Rxe3 Qxe3 24. Qxe3 Rxe3 25. h3 Re2 26. Rb1 f5 27. a4 Kf7 28. b4 Ke6 29.
c4 Re4 30. Rc1 Kd6 31. a5 a6 32.
Kg1 Re2 33. b5 Kc5 34. Rb1 Re6 35. bxa6 bxa6 36. Rb7 h5 37. Kf2 Rc6 38. Ke3 Kxc4 39. Kf4 Kc5 40. Kg5 Re6 41. g3 Rd6 42. h4 Re6 43. Rg7 Re3 44. Kf4 Re4+ 45. Kf3 Rg4 46. Rb7 Rb4 47. Rg7 Rg4 48. Rb7 Rb4 49. Ra7 Kb5 50.
Rg7 Rg4 51. Rb7+ Kxa5 52. Rb8 Ka4 53. Rb6 a5 54. Kf2 Ka3 55. Kf3 a4 56. Kf2 Ka2 57.
Kf3 a3 58. Kf2 Ka1 59. Kf3 a2 60. Kf2 Rc4 61. Kf3 Rc2 62. Kf4 Rb2 63. Ra6 Kb1 64. Kg5 Rb3 65. Kxg6 Rxg3+ 66. Kxh5 0-1

[Event "Early-Titled-Tuesday-Blitz-July-09-2024"]
[Site "Chess.com"]
[Date "2024.07.09"]
[Round "7"]
[White "MdChess1734"]
[Black "kripri"]
[Result "1/2-1/2"]
[WhiteElo "2425"]
[BlackElo "2326"]
[TimeControl "180+1"]
[EndTime "9:21:05 PDT"]
[Termination "Game drawn by repetition"]

1. e4 c6 2. d4 d5 3. e5 c5 4. dxc5 e6 5. b4 a5 6. c3 Nc6 7. Bb5 Bd7 8. Bxc6 Bxc6 9. Nf3 b6 10. Be3 axb4 11. cxb4 bxc5 12. bxc5 Bxc5 13. Bxc5 Qa5+ 14. Nbd2 Qxc5 15. O-O Ne7 16. Nb3 Qa3 17. Nfd4 O-O 18. Nc2 Qa4 19. Nc5 Qc4 20. Nb3 Ng6 21. Ncd4 Ba4 22.
f4 Rfc8 23. Qd2 Qc3 24. Qxc3 Rxc3 25. g3 h5 26. Rac1 Rac8 27. Rxc3 Rxc3 28. Rc1 Rc4 29. Rxc4 dxc4 30. Nc5 Bd1 31. Kf2 Ne7 32. Ke1 Bg4 33.
a4 Nd5 34. Kd2 Kf8 35. a5 Bh3 36. a6 Bg2 37. a7 Nb6 38. Kc3 Ke8 39. Nb5 Kd8 40. Nd6 Ke7 41. Nxc4 Nd5+ 42. Kd4 Nc7 43. Nb6 Nb5+ 44. Kc4 Nxa7 45. Nb3 Nc6 46. Nd4 Nxd4 47. Kxd4 Bb7 48. Nc4 f5 49. Nd6 Bd5 50. h4 g6 51.
Kc5 Kd7 52. Kb6 Bf3 53. Nf7 Ke7 54. Nh8 Bd5 55. Kc7 Kf8 56. Nxg6+ Kf7 57. Kd7 Kxg6 58. Ke7 Kg7 59. Ke8 Kg6 60. Ke7 Kg7 61. Ke8 Kg6 62. Ke7 1/2-1/2

[Event "Early-Titled-Tuesday-Blitz-July-09-2024"]
[Site "Chess.com"]
[Date "2024.07.09"]
[Round "7"]
[White "chessmachine14"]
[Black "howitzer14"]
[Result "0-1"]
[WhiteElo "2225"]
[BlackElo "3028"]
[TimeControl "180+1"]
[EndTime "9:21:06 PDT"]
[Termination "howitzer14 won on time"]

1. e4 c5 2. Nf3 d6 3. d4 cxd4 4. Nxd4 Nf6 5. Nc3 a6 6. h3 e5 7. Nf3 Qc7 8. a4 h6 9. Be2 b6 10. Nd2 Bb7 11. Bf3 Be7 12. Nf1 Nc6 13. Be3 O-O 14. Ng3 Na5 15. Nf5 Nc4 16. Bc1 Rfd8 17. Qd3 Bf8 18. b3 Na5 19. Ne3 Rac8 20. Bb2 Nc6 21.
Ncd5 Nxd5 22. Nxd5 Qb8 23. O-O Qa7 24. Bc1 Ne7 25. Nxe7+ Bxe7 26. Be3 a5 27. Rfd1 Bc6 28.
c3 Rc7 29. b4 Ra8 30. Rdb1 Rb7 31. Qc4 Bd7 32. Bg4 Be8 33. Qd5 Rab8 34. Be2 Kf8 35. f4 exf4 36. Bxf4 axb4 37. Rxb4 b5+ 38. Kh2 bxa4 39.
Bxd6 Rxb4 40. cxb4 Rd8 41. e5 Bxd6 42. exd6 Qb6 43.
Rd1 Qxb4 44. Bg4 Qf4+ 45. Kh1 h5 46. d7 hxg4 47. dxe8=Q+ Rxe8 48. Qc5+ Kg8 49. Qb5 Rf8 50. Ra1 gxh3 51. gxh3 Qf3+ 52. Kh2 Qf4+ 53. Kh1 Qe4+ 54.
Kh2 Qc2+ 55. Kh1 Ra8 56. Qb7 Ra5 57. Qb4 Qc6+ 58. Kh2 Qa8 0-1

[Event "Early-Titled-Tuesday-Blitz-July-09-2024"]
[Site "Chess.com"]
[Date "2024.07.09"]
[Round "7"]
[White "AlphaPerseii"]
[Black "Horokoskii"]
[Result "1-0"]
[WhiteElo "2424"]
[BlackElo "2104"]
[TimeControl "180+1"]
[EndTime "9:21:08 PDT"]
[Termination "AlphaPerseii won by resignation"]

1. d4 Nf6 2. c4 c5 3. d5 e6 4. Nc3 exd5 5. cxd5 d6 6. e4 g6 7. g3 Bg7 8. Bg2 O-O 9. Nge2 Re8 10. O-O Nbd7 11. Qc2 a6 12. a4 b6 13. Re1 Bb7 14. Bf4 Ne5 15. Nc1 Nfd7 16. Nd3 Nxd3 17. Qxd3 Ne5 18. Qc2 c4 19. Be3 Nd3 20. Red1 Rc8 21.
Bf1 Nc5 22. f3 Qf6 23. Kg2 Nd7 24. Bd4 Qg5 25. Qf2 Bxd4 26. Qxd4 Rc7 27. Bxc4 Ne5 28. f4 Rxc4 29. fxg5 Rxd4 30. Rxd4 Rc8 31. h3 Nc4 32. Rb1 Ne3+ 33. Kf2 Nc2 34. Rd2 Nb4 35.
Ke3 a5 36. Rc1 Ba6 37. Ne2 Re8 38. Nd4 Kg7 39. Nb5 Bxb5 40. axb5 Re5 41. h4 h6 42. gxh6+ Kxh6 43. Rc7 f5 44. Rd4 fxe4 45. Rd7 Nxd5+ 46.
Ke2 Nb4 47. R7xd6 Nc2 48. R4d5 Re8 49. Rg5 Rg8 50. Rxb6 e3 51. Rc5 Nd4+ 52. Kxe3 Rd8 53. Rcc6 Nf5+ 54. Kf4 Ne7 55. Re6 Nd5+ 56. Ke5 Nxb6 57.
Rxb6 Rd2 58. Ra6 Rxb2 59. Rxa5 Rb3 60. Kf4 Rb4+ 61. Kf3 g5 62. Ra6+ Kh5 63. g4+ Rxg4 64. Rh6+ Kxh6 65. Kxg4 gxh4 66. b6 1-0

[Event "Early-Titled-Tuesday-Blitz-July-09-2024"]
[Site "Chess.com"]
[Date "2024.07.09"]
[Round "7"]
[White "Rud_Makarian"]
[Black "BeanScreen"]
[Result "0-1"]
[WhiteElo "2981"]
[BlackElo "2697"]
[TimeControl "180+1"]
[EndTime "9:21:09 PDT"]
[Termination "BeanScreen won by resignation"]

1. Nf3 d5 2. g3 c6 3. c4 dxc4 4. Bg2 Nf6 5. O-O a5 6. Qc2 Nbd7 7. Qxc4 e5 8. d3 Be7 9. Qc2 O-O 10. Nbd2 Re8 11. b3 Qc7 12. Bb2 Bf8 13. a3 Nb6 14. Rac1 h6 15. Rfd1 Bf5 16. Ne4 Nxe4 17. dxe4 Bg4 18. h3 Bd7 19. h4 f6 20. Kh2 Be6 21. Bh3 Bf7 22. Rd3 Rad8 23. Qc3 a4 24. b4 Nc4 25.
Rcd1 b5 26. Rd7 Qb6 27. Kg2 Rxd7 28. Rxd7 Rd8 29. Rxd8 Qxd8 30. Bc1 Qd1 31. Ng1 Qb3 32. Qf3 Qxf3+ 33. Nxf3 c5 34. bxc5 Bxc5 35. Bd7 Bxa3 36. Bxb5 Bxc1 37. Bxa4 Nd2 38. Bc6 Nxf3 39. Kxf3 h5 40.
e3 Kf8 41. Ke2 Ke7 42. Kd3 Kd6 43. Ba4 Kc5 44. Bd1 Bc4+ 45. Kc3 Bf7 46. Bf3 Ba3 47. Kd2 Bb4+ 48. Ke2 Bc4+ 49. Kd1 g6 50. g4 hxg4 51. Bxg4 Bd3 52. Bf3 Kc4 53. Bg2 Kc3 54. Bf3 Be7 55.
Bg2 Bf8 56. Bf3 Bh6 57. Bg2 Bb1 58. Ke2 Kc4 59. Bf3 Bd3+ 60. Kd2 Bf8 61. Bg2 Bb4+ 62.
Kd1 Kc5 63. Bf3 Kd6 64. Kc1 Ke6 65. Kd1 Kf7 66. h5 gxh5 67. Bxh5+ Kg7 68. Bf3 Kh6 69.
Bh1 Kg5 70. Bg2 Kg4 71. Bh1 Kh3 72. f4 Kg3 73. fxe5 fxe5 74. Kc1 Kf2 75. Kb2 Kxe3 76. Kb3 Bxe4 0-1

[Event "Early-Titled-Tuesday-Blitz-July-09-2024"]
[Site "Chess.com"]
[Date "2024.07.09"]
[Round "7"]
[White "JAN2404"]
[Black "Resignify"]
[Result "1/2-1/2"]
[WhiteElo "2070"]
[BlackElo "2258"]
[TimeControl "180+1"]
[EndTime "9:21:09 PDT"]
[Termination "Game drawn by repetition"]

1. e4 d6 2. d4 Nf6 3. Nc3 g6 4. Nf3 Bg7 5. Be2 O-O 6. O-O Nc6 7. h3 e5 8. Be3 Re8 9. dxe5 dxe5 10. Bc4 Be6 11.
Bd5 Nd7 12. Qd2 Nb6 13. a4 Bxd5 14. Bxb6 axb6 15. exd5 Nd4 16. Nxd4 exd4 17. Nb5 c6 18. Nxd4 Qxd5 19. Rfd1 Rad8 20. c3 Bxd4 21. cxd4 Re4 22. Qc2 Rxd4 23. Re1 Rd2 24. Qc3 Qd4 25. Qxd4 R8xd4 26. b3 Rd7 27. Re3 Rb2 28. Rae1 Rdd2 29. Rf3 Kf8 30.
g4 Re2 31. Rd1 Rbd2 32. Ra1 Re4 33. Kg2 Rb4 34. Rb1 Ra2 35. Rd3 Raxa4 36. Rd7 Ra3 37. Rxb7 Raxb3 38. Rc1 c5 39. Rd1 Rd4 40. Ra1 Rbd3 41.
Rc1 Rd7 42. Rxb6 R3d6 43. Rb8+ Kg7 44. Rxc5 Rf6 45. Rcc8 Kh6 46. h4 g5 47. hxg5+ Kxg5 48. Rg8+ Kf4 49. Rb5 Ke4 50. Rb4+ Kd5 51. g5 Rg6 52. Rxg6 hxg6 53. Rf4 Ke6 54. Kg3 Ke7 55.
f3 Rd6 56. Re4+ Re6 57. Rxe6+ Kxe6 58. Kf4 Kd5 59. Ke3 Ke5 60. f4+ Kf5 61. Kf3 Ke6 62.
Ke4 Kd6 63. Kd4 Ke6 64. Ke4 Kd6 65. Kd4 Ke6 66. Ke4 1/2-1/2

[Event "Early-Titled-Tuesday-Blitz-July-09-2024"]
[Site "Chess.com"]
[Date "2024.07.09"]
[Round "7"]
[White "ncofre98"]
[Black "Didici"]
[Result "0-1"]
[WhiteElo "2552"]
[BlackElo "2759"]
[TimeControl "180+1"]
[EndTime "9:21:10 PDT"]
[Termination "Didici won by checkmate"]

1. e4 c5 2. Nf3 d6 3. Bb5+ Bd7 4. Bxd7+ Nxd7 5. O-O g6 6. c3 Bg7 7. d4 Ngf6 8. Re1 O-O 9. Nbd2 cxd4 10. cxd4 e6 11. Nf1 Rc8 12. Ng3 b5 13. h3 Nb6 14. Bf4 Nc4 15. Qe2 Qb6 16. Rad1 Rfe8 17. Bc1 b4 18. b3 Na5 19. Bb2 Rc7 20. Qd2 Rec8 21. Rc1 d5 22. Rxc7 Rxc7 23. e5 Nd7 24. Ne2 Qb5 25.
Rc1 Rxc1+ 26. Nxc1 Nb6 27. Nd3 Nc6 28. g4 a5 29. h4 a4 30. h5 axb3 31. axb3 Nc4 32. bxc4 dxc4 33. Nc5 c3 34. Bxc3 bxc3 35. Qxc3 Ne7 36.
Ne4 Qd5 37. Nfd2 gxh5 38. gxh5 h6 39. Qc5 Nf5 40. Qxd5 exd5 41. Nf6+ Bxf6 42. exf6 Nxd4 43. Kg2 Ne6 44. Kg3 Kf8 45. Kg4 Ke8 46. Kf5 Kd7 47. Ke5 Kc6 48. Nb3 Nf8 49. Nd4+ Kc5 50. Nb3+ Kc4 51.
Nd2+ Kd3 52. Nf3 Ke2 53. Nd4+ Kxf2 54. Nf5 Nd7+ 55. Kxd5 Nxf6+ 56. Ke5 Ng8 57. Nxh6 Nxh6 58. Kf6 Kg3 59. Kg7 f5 60. Kxh6 f4 61. Kg5 f3 62. h6 f2 63. h7 f1=Q 64. h8=Q Qf4+ 65. Kg6 Qe4+ 66. Kh6 Qh4+ 67. Kg7 Qd4+ 68. Kh7 Qe4+ 69. Kg7 Kg4 70. Qh7 Qe7+ 71. Kh6 Qg5# 0-1

[Event "Early-Titled-Tuesday-Blitz-July-09-2024"]
[Site "Chess.com"]
[Date "2024.07.09"]
[Round "7"]
[White "BashirovKemal"]
[Black "Fandorine"]
[Result "0-1"]
[WhiteElo "2675"]
[BlackElo "2915"]
[TimeControl "180+1"]
[EndTime "9:21:12 PDT"]
[Termination "Fandorine won by resignation"]

1. d4 Nf6 2. Nf3 g6 3. Nbd2 Bg7 4. e4 O-O 5. c3 d6 6. Bc4 c6 7.
Bb3 e5 8. O-O Nbd7 9. Re1 Qe7 10. Nc4 exd4 11. e5 dxe5 12. Ncxe5 Nxe5 13. Nxe5 Be6 14. Bxe6 fxe6 15. cxd4 Rad8 16. Bg5 Qb4 17. Qb3 Qxb3 18.
axb3 a6 19. Rad1 Rd5 20. Nf3 Re8 21. Bf4 Nd7 22. Kf1 h6 23. h4 Kf7 24. Rd3 Rd8 25.
Rde3 Nf8 26. Bc7 Rc8 27. Be5 Bxe5 28. Nxe5+ Kg7 29. Re4 Rcd8 30. Nf3 Rb5 31. R1e3 Rf5 32. Ke2 Rb5 33. Ne5 Rb4 34. Rf3 Rbxd4 35. Ref4 Rxf4 36.
Rxf4 Rd5 37. Nd3 e5 38. Re4 Kf6 39. f4 exf4 40. Rxf4+ Kg7 41. Re4 Kf7 42. Rf4+ Ke7 43. Re4+ Kd7 44. b4 Ne6 45. Ne5+ Kd6 46. Nxg6 Nd4+ 47.
Ke3 Nc2+ 48. Kf4 Rd2 49. g4 Na1 50. Kf5 Rxb2 51. Nf4 Nb3 52. Re6+ Kd7 53. Rxh6 Nd4+ 54. Kg6 Rxb4 55. g5 Nf3 56. Nd3 Rxh4 57. Nc5+ Kc7 58.
Rxh4 Nxh4+ 59. Kh5 Nf5 60. Ne6+ Kd6 61. Nf4 a5 62.
Kg6 Ne7+ 63. Kf7 a4 64. Nd3 a3 65. Nb4 b5 66. Nxc6 Nxc6 67. g6 Ne5+ 0-1

[Event "Early-Titled-Tuesday-Blitz-July-09-2024"]
[Site "Chess.com"]
[Date "2024.07.09"]
[Round "7"]
[White "deribas12345"]
[Black "praveenb2002"]
[Result "0-1"]
[WhiteElo "2632"]
[BlackElo "2840"]
[TimeControl "180+1"]
[EndTime "9:21:13 PDT"]
[Termination "praveenb2002 won by checkmate"]

1. d4 e6 2. c4 b6 3. e4 Bb7 4.
f3 Bb4+ 5. Bd2 Bxd2+ 6. Nxd2 f5 7. exf5 Qh4+ 8. g3 Qxd4 9. Ne2 Qxb2 10. fxe6 dxe6 11.
Bh3 Nd7 12. Rb1 Qf6 13. O-O O-O-O 14. Nf4 Nc5 15. Qe2 Kb8 16. Ne4 Bxe4 17. fxe4 Qd4+ 18. Kh1 Nf6 19. Nxe6 Nxe6 20. Bxe6 Qxe4+ 21. Qxe4 Nxe4 22. Rbe1 Nf6 23. Bh3 Rhe8 24. Bg2 c5 25. h3 Kc7 26.
Kh2 Rxe1 27. Rxe1 Re8 28. Rxe8 Nxe8 29. g4 Kd6 30. Kg3 Ke5 31. g5 Nd6 32. Bd5 Kf5 33. h4 h6 34. gxh6 gxh6 35. Kf3 Ne8 36. a4 Nf6 37. Bc6 Ke5 38. Bb5 Ne4 39. Kg4 Kf6 40.
Kf4 Nd6 41. Kg4 Kg6 42. Ba6 h5+ 43. Kf4 Kf6 44. Bb5 Nf5 45. Be8 Nxh4 46. Bxh5 Nf5 47. Be8 Nd6 48. Bb5 Ke6 49. Bc6 Nxc4 50. Bb5 Nd6 51. Be2 Kd5 52. Ke3 c4 53. Kd2 Kd4 54. Kc2 Ne4 55. Bf3 Nc5 56. a5 b5 57. Bc6 b4 58. Bb5 b3+ 59. Kb2 c3+ 60. Kb1 Nb7 61. a6 Nd6 62. Ba4 Kc4 63. Ka1 Kb4 64. Bc6 Nc4 65.
Be4 b2+ 66. Kb1 Nd2+ 67. Ka2 Nxe4 68. Kb1 Nd2+ 69. Ka2 b1=Q# 0-1

[Event "Early-Titled-Tuesday-Blitz-July-09-2024"]
[Site "Chess.com"]
[Date "2024.07.09"]
[Round "7"]
[White "Rosh1610"]
[Black "profedechess93"]
[Result "1/2-1/2"]
[WhiteElo "2468"]
[BlackElo "2618"]
[TimeControl "180+1"]
[EndTime "9:21:20 PDT"]
[Termination "Game drawn by stalemate"]

1. e4 e6 2. d4 d5 3. exd5 exd5 4. Bd3 Nc6 5. Ne2 Bd6 6. O-O Nge7 7. Nbc3 a6 8. Bf4 Bxf4 9. Nxf4 Nxd4 10. Bxa6 Nxc2 11. Bb5+ c6 12. Qxc2 cxb5 13. Rad1 Be6 14. Nxb5 O-O 15. Nxe6 fxe6 16. Qe2 Qb6 17. Nd4 Rf6 18.
Rfe1 Rxa2 19. Nxe6 Rxb2 20. Qg4 Qxf2+ 21. Kh1 Rg6 22. Ng5 h6 23. Rf1 Qe2 24. Qxe2 Rxe2 25.
Nf3 Rgxg2 26. Rb1 Rgf2 27. Rxf2 Rxf2 28. Nd4 Rd2 29. Ne6 Re2 30. Nc5 Rc2 31. Ne6 Nf5 32. Rxb7 d4 33. Rd7 Ne3 34. Rxg7+ Kh8 35. h4 Rc6 36.
Rd7 Rc1+ 37. Kh2 Rc2+ 38. Kh3 Nf5 39. Nxd4 Rd2 40. Rd8+ Kh7 41. Ne6 Rxd8 42. Nxd8 Kg6 43. Ne6 Kf6 44. Nf4 Ke5 45. Nh5 Ke4 46. Kg4 Ne3+ 47.
Kg3 Nf5+ 48. Kg4 Ne3+ 49. Kh3 Nf5 50. Nf6+ Kf4 51. Nd5+ Kf3 52. Nc3 Nd4 53. Nd5 Ne2 54. Nf6 Nf4+ 55. Kh2 Ng6 56. Kh3 Nf4+ 57. Kh2 Ne6 58.
Kh3 Kf4 59. Nh5+ Kf5 60. Ng3+ Kf4 61. Kg2 Nd4 62. Kf2 Kg4 63. h5 Kh4 64. Kg2 Kg5 65. Kh3 Nf5 66. Nxf5 Kxf5 67. Kg3 Kg5 68. Kh3 Kxh5 69.
Kh2 Kg4 70. Kh1 h5 71. Kg1 h4 72. Kh1 h3 73. Kg1 Kh4 74. Kh1 Kg3 75. Kg1 h2+ 76.
Kh1 Kh3 1/2-1/2

[Event "Early-Titled-Tuesday-Blitz-July-09-2024"]
[Site "Chess.com"]
[Date "2024.07.09"]
[Round "7"]
[White "amanjazu"]
[Black "TioCridineno"]
[Result "1-0"]
[WhiteElo "2583"]
[BlackElo "2419"]
[TimeControl "180+1"]
[EndTime "9:21:20 PDT"]
[Termination "amanjazu won on time"]

1. g3 d5 2. Bg2 Nf6 3. f4 Bf5 4. Nf3 e6 5. O-O h6 6. d3 Bh7 7. Nc3 c6 8. e3 Be7 9. Qe2 O-O 10. e4 a5 11. h3 c5 12. Kh2 Nc6 13. e5 Nd7 14.
Nd1 Nd4 15. Nxd4 cxd4 16. c3 Bc5 17. cxd4 Bxd4 18. Be3 Qb6 19. Rf3 Rac8 20. Bxd4 Qxd4 21.
Nc3 Rc5 22. Rd1 Rfc8 23. Qf2 Qxf2 24. Rxf2 b6 25. d4 R5c7 26. Bf1 Bg6 27. Ba6 Ra8 28. Bd3 Bxd3 29. Rxd3 Rac8 30. g4 Rc4 31. f5 Nf8 32.
Kg3 Rb4 33. Kf3 a4 34. Ke3 Rbc4 35. h4 Nd7 36. Nb5 Rc1 37. Nd6 R8c2 38. Rxc2 Rxc2 39. Rd2 Rc1 40. Kd3 Rg1 41. Rc2 Rxg4 42. Rc8+ Nf8 43. h5 Rg5 44. Rc7 Rxh5 45. Rxf7 exf5 46. Kc3 Ne6 47.
Rxf5 Rh3+ 48. Kb4 Nxd4 49. Rf2 Re3 50. Rd2 Kh7 51. Rxd4 Rxe5 52. Kb5 g5 53. Kxb6 Kg6 54. Kc5 h5 55. Rxd5 Re2 56. Nc4 Rc2 57. b4 axb3 58. axb3 h4 59. Rd6+ Kh5 60. b4 Rc1 61. Rd8 h3 62. Rh8+ Kg4 63. b5 Rb1 64. b6 Kg3 65.
Nd6 g4 66. b7 Rc1+ 67. Kb6 Rb1+ 68. Nb5 h2 69. b8=Q+ Kf3 70. Qxh2 1-0

[Event "Early-Titled-Tuesday-Blitz-July-09-2024"]
[Site "Chess.com"]
[Date "2024.07.09"]
[Round "7"]
[White "Arystanner"]
[Black "Alex_Sahakyan2006"]
[Result "1-0"]
[WhiteElo "2904"]
[BlackElo "2747"]
[TimeControl "180+1"]
[EndTime "9:21:21 PDT"]
[Termination "Arystanner won on time"]

1. e4 d6 2. d4 Nf6 3. Nc3 e5 4. Nf3 Nbd7 5. h3 Be7 6. g4 c6 7. Be3 h6 8. Rg1 Qa5 9. Qd2 b5 10.
Bd3 b4 11. Ne2 d5 12. Ng3 dxe4 13. Nxe4 Qd5 14. Nxf6+ Bxf6 15. dxe5 Nxe5 16. Nxe5 Qxe5 17. Qxb4 Qxb2 18. Qxb2 Bxb2 19. Rb1 Bc3+ 20. Ke2 O-O 21. Bc4 Re8 22. Rb3 Be5 23. Rgb1 h5 24. Kf3 Bc7 25.
gxh5 Bxh3 26. Rg1 Bf5 27. Rb7 Rac8 28. Bd3 Bxd3 29. cxd3 Re5 30. h6 g6 31. Rxa7 Rf5+ 32. Ke2 Kh7 33. Rg4 Be5 34. Re4 Rb8 35. d4 Bd6 36. a4 Rb2+ 37. Kd3 Ra2 38. Re8 Bf4 39. Ree7 Kxh6 40. Rxf7 Rxf7 41. Rxf7 Bxe3 42. fxe3 Rxa4 43. Rc7 Ra3+ 44. Ke4 Rc3 45. Kf3 Kg5 46. d5 Kf5 47.
dxc6 g5 48. Rc8 g4+ 49. Kf2 Ke6 50. e4 Kd6 51. Rg8 g3+ 52. Rxg3 Rc2+ 53. Ke3 Kxc6 54. Kf4 Kd7 55. Rg6 Ke7 56. Kf5 Rc5+ 57. e5 Rc1 58.
Rg7+ Kf8 59. Ra7 Rc6 60. Rd7 Rb6 61. Rd6 Rxd6 62. exd6 Kf7 63. Ke5 Kf8 64. Kf6 Ke8 65. Ke6 Kd8 66. d7 Kc7 67. Ke7 Kb6 68. d8=Q+ 1-0

[Event "Early-Titled-Tuesday-Blitz-July-09-2024"]
[Site "Chess.com"]
[Date "2024.07.09"]
[Round "7"]
[White "Senn71"]
[Black "tarno17"]
[Result "0-1"]
[WhiteElo "2357"]
[BlackElo "2193"]
[TimeControl "180+1"]
[EndTime "9:21:21 PDT"]
[Termination "tarno17 won on time"]

1. e4 c5 2. Nf3 e6 3. d4 cxd4 4. Nxd4 a6 5. Bd3 Bc5 6. Nb3 Be7 7. Qg4 g6 8. c4 Nf6 9. Qe2 h5 10. Nc3 d6 11. Be3 Nbd7 12. O-O-O Qc7 13. Kb1 Ne5 14. f4 Nxd3 15. Qxd3 Ng4 16. Bd4 e5 17. Nd5 Qc6 18. Nxe7 Kxe7 19. fxe5 Nxe5 20. Bxe5 dxe5 21. c5 Be6 22.
Qd6+ Qxd6 23. cxd6+ Kd7 24. Nc5+ Kc6 25. Nxe6 fxe6 26.
Rd3 Rad8 27. Rc1+ Kb6 28. Rc7 Rxd6 29. Rxb7+ Kxb7 30. Rxd6 Rf8 31. Kc2 Rf2+ 32. Rd2 Rf4 33. Kd3 Kb6 34. Rc2 Kb5 35. b3 Rf1 36. Ke2 Rh1 37. h3 Ra1 38. Kf3 Re1 39. a3 Rb1 40.
Rc3 Rb2 41. g3 Rb1 42. g4 h4 43. Rd3 Ra1 44. Kg2 Rxa3 45. Rd6 Rxb3 46. Rxe6 Rg3+ 47. Kh2 Kc4 48. Rxe5 Kd3 49. Re6 g5 50. e5 Kd4 51.
Rxa6 Kxe5 52. Ra5+ Kf6 53. Rf5+ Kg6 54. Rf2 Rc3 55. Kg2 Rd3 56. Kh2 Rg3 57. Re2 Rb3 58. Rg2 Kf6 59. Rf2+ Ke5 60. Rf5+ Ke4 61. Rxg5 Rb2+ 62.
Kg1 Kf3 63. Rf5+ Kg3 64. g5 Kxh3 65. g6 Rg2+ 66. Kh1 Rxg6 67. Rf3+ Rg3 0-1

[Event "Early-Titled-Tuesday-Blitz-July-09-2024"]
[Site "Chess.com"]
[Date "2024.07.09"]
[Round "7"]
[White "amylazy"]
[Black "GoltsevDmitry2000"]
[Result "0-1"]
[WhiteElo "2510"]
[BlackElo "2743"]
[TimeControl "180+1"]
[EndTime "9:21:22 PDT"]
[Termination "GoltsevDmitry2000 won by checkmate"]

1. d4 e6 2. Nf3 Nf6 3. e3 b6 4. Bd3 Bb7 5. O-O d5 6. b3 Nbd7 7. Bb2 Bd6 8. Nbd2 O-O 9. Ne5 c5 10. f4 Ne4 11. Nxe4 dxe4 12. Bc4 Nxe5 13. dxe5 Bc7 14. Qe2 Qe7 15. Rad1 Rad8 16. a4 Rxd1 17. Rxd1 Rd8 18. Rd2 Rxd2 19. Qxd2 Qd8 20. Qxd8+ Bxd8 21. Kf2 Bd5 22. Bf1 f5 23. exf6 gxf6 24. g4 f5 25. Bh3 Bh4+ 26. Ke2 fxg4 27. Bxg4 Kf7 28. Be5 Bd8 29. Bh5+ Ke7 30. c4 Bc6 31. Kf2 Be8 32.
Bd1 Kd7 33. Bc2 Bg6 34. Ke2 Bh4 35. Kd2 Kc6 36. Bc3 Bf5 37. Ke2 a6 38. Be1 Bf6 39. Kd2 b5 40. Bd1 Kb6 41. Kc2 Bh3 42. axb5 axb5 43.
cxb5 Kxb5 44. Be2+ Kc6 45. Bc4 Kd6 46. Bc3 Bh4 47.
Be5+ Kd7 48. Kd2 Bf2 49. Bf6 Bg1 50. Bb5+ Kc8 51. Be7 Bxh2 52. Bxc5 Bg3 53. Be7 h5 54. Be2 h4 55. Bc4 Kd7 56. Bg5 Bg2 57. Bxh4 Bxh4 58. Kc3 Bf6+ 59. Kb4 Bf3 60. Kc5 Bc3 61.
b4 Bd2 62. Bb5+ Ke7 63. Kd4 Bxb4 64. Bc4 Ba5 65. Bb3 Bb6+ 66. Ke5 Bxe3 67. Bc2 Bd2 68. Bxe4 Bc3# 0-1

[Event "Early-Titled-Tuesday-Blitz-July-09-2024"]
[Site "Chess.com"]
[Date "2024.07.09"]
[Round "7"]
[White "SujanaLohani"]
[Black "VacheH009"]
[Result "0-1"]
[WhiteElo "2364"]
[BlackElo "2522"]
[TimeControl "180+1"]
[EndTime "9:21:23 PDT"]
[Termination "VacheH009 won by resignation"]

1. e4 c5 2. Nf3 d6 3. d4 cxd4 4. Nxd4 Nf6 5. Nc3 g6 6. Be3 Bg7 7. Qd2 Ng4 8. Bg5 h6 9. Bh4 Nc6 10. Nb3 Be6 11. O-O-O Qd7 12. h3 Nge5 13. Nd5 g5 14.
Bg3 Rc8 15. Bb5 Qd8 16. f4 gxf4 17. Nxf4 Bc4 18. Nh5 Rg8 19. Bxc4 Nxc4 20. Nxg7+ Rxg7 21. Qf4 N4e5 22. Kb1 Qb6 23. Bf2 Qb5 24. g4 Rg6 25. Rd5 Qe2 26. Re1 Qf3 27. Qf5 Rd8 28. Qxf3 Nxf3 29. Re3 Nfe5 30. Bg3 h5 31. Bxe5 Nxe5 32.
gxh5 Rh6 33. Nd4 Rxh5 34. b3 Kd7 35. Nf5 Rdh8 36. Rb5 b6 37. a4 Rxh3 38. Rxh3 Rxh3 39. a5 Kc6 40. c4 e6 41. Ne7+ Kc7 42. axb6+ axb6 43. Ng8 Nc6 44. Nf6 Nd4 45. Rg5 Rxb3+ 46. Ka2 Rc3 47.
Rg7 Rxc4 48. Rxf7+ Kc6 49. Ne8 Nb5 50. Rf6 Rxe4 51.
Rf8 Kd7 52. Nf6+ Ke7 53. Nxe4 Kxf8 54. Kb3 Ke7 55. Kb4 Nc7 56. Nc3 d5 57. Kb3 Kd6 58. Ne2 e5 59. Kb4 e4 60. Kc3 Kc5 61. Nd4 Nb5+ 62. Nxb5 Kxb5 63. Kd4 Kc6 64. Ke3 Kc5 65. Kf4 b5 66. Ke3 b4 67. Kd2 Kd4 68. Kc2 Ke3 69.
Kb3 d4 70. Kxb4 d3 0-1

[Event "Early-Titled-Tuesday-Blitz-July-09-2024"]
[Site "Chess.com"]
[Date "2024.07.09"]
[Round "7"]
[White "Individoom"]
[Black "nrvisakh"]
[Result "0-1"]
[WhiteElo "2754"]
[BlackElo "2929"]
[TimeControl "180+1"]
[EndTime "9:21:25 PDT"]
[Termination "nrvisakh won on time"]

1. d4 d6 2. Nf3 Nf6 3. Bf4 g6 4. h3 Bg7 5. e3 O-O 6. Be2 Nbd7 7. O-O Ne4 8. Bh2 e5 9. c4 Qe7 10. Nc3 Nxc3 11. bxc3 Re8 12. Rb1 Nf8 13. c5 b6 14. cxd6 cxd6 15. Re1 Bb7 16. Nd2 Rac8 17.
Rc1 Ne6 18. Bf3 Red8 19. Bxb7 Qxb7 20. Qe2 Rc7 21. Nf3 Qd5 22. Red1 Qa5 23. c4 Rdc8 24.
c5 bxc5 25. dxe5 dxe5 26. Nxe5 Rb7 27. Nc4 Qa6 28. Qf3 Qc6 29. Nd6 Qxf3 30. gxf3 Rbc7 31.
Nxc8 Rxc8 32. Rc4 Rc6 33. Kg2 Bf8 34. Rd2 h5 35. Rdc2 Ra6 36. f4 f5 37. f3 Bd6 38.
Rd2 Kf7 39. Bg1 Ke7 40. Bf2 Ra3 41. Bh4+ Kd7 42. Kf2 Kc6 43. Bf6 Nc7 44. Rc3 Rxc3 45. Bxc3 Nb5 46. Be5 Be7 47. Ke2 c4 48. a4 Nd6 49. Bxd6 Bxd6 50. Rb2 Bc7 51. Kd2 Ba5+ 52. Kc2 Bb6 53. Kc3 Bxe3 54. Kxc4 Bxf4 55. Re2 Kd6 56. Re8 h4 57. Ra8 Be3 58. Re8 Bf2 59. Rg8 Ke5 60. Rxg6 Kf4 61. Rf6 Kxf3 62. Rxf5+ Kg3 63. Rh5 Kxh3 64.
Kd3 Kg2 65. Rg5+ Bg3 0-1

[Event "Early-Titled-Tuesday-Blitz-July-09-2024"]
[Site "Chess.com"]
[Date "2024.07.09"]
[Round "7"]
[White "Byniolus"]
[Black "vladjianu"]
[Result "0-1"]
[WhiteElo "2780"]
[BlackElo "2612"]
[TimeControl "180+1"]
[EndTime "9:21:27 PDT"]
[Termination "vladjianu won by resignation"]

1. d4 Nf6 2. Nf3 e6 3. Bf4 d5 4. e3 Bd6 5. Bg3 b6 6. Nbd2 Bb7 7. c3 O-O 8. Ne5 c5 9. f4 Nc6 10. Bd3 Ne7 11. Qb1 cxd4 12. exd4 g6 13. Bf2 Ne8 14.
g3 f6 15. Nef3 Ng7 16. Qd1 a5 17. Qe2 Qc8 18. O-O Ba6 19. c4 dxc4 20. Nxc4 Bc7 21. Rac1 Nd5 22. Nfd2 Qd7 23. Rfe1 Nb4 24. Be4 Rad8 25.
a3 Nd5 26. Qf3 Rfe8 27. h4 Bb7 28. Nf1 Nf5 29. Red1 h5 30. Nce3 Ndxe3 31. Nxe3 Bxe4 32. Qxe4 Kg7 33. d5 Nxe3 34. Qxe3 exd5 35. Qb3 Re6 36. Rd3 Qe7 37. Rxd5 Rxd5 38. Qxd5 Rd6 39. Qb7 Rd7 40. Qc6 Kh7 41. Qf3 Qe6 42. Rc6 Qf5 43.
a4 Bd8 44. Kg2 Kg7 45. b3 Rd3 46. Qe2 Qd5+ 47. Kh2 Rd2 48. Qe3 Rxf2+ 49. Qxf2 Qxc6 50. Qe2 Kf7 51. Qd3 Be7 52. f5 gxf5 53. Qxf5 Qc5 54.
Qh7+ Ke6 55. Qg8+ Kd7 56. Qf7 Qc2+ 57. Kh1 Qf5 58. Kh2 Kd6 59. Qe8 Qf2+ 60. Kh1 Qf1+ 61. Kh2 Qe2+ 62. Kh1 Qe4+ 63. Kh2 Qd5 64. Qb8+ Ke6 65.
Qxb6+ Bd6 66. Qe3+ Qe5 67. Qf3 Qf5 68. Qe3+ Qe5 69.
Qf3 Kf7 70. Kh3 Qe6+ 71. Kg2 Qe5 72. Kh3 Kg6 73. Kg2 Qb2+ 74. Kh3 Qc2 75. Qd5 Qf5+ 76. Qxf5+ Kxf5 77. Kg2 Kg4 78. Kf2 Bxg3+ 79. Ke3 Bd6 80.
Kd4 f5 81. Kd5 Bb4 0-1